 Dungeon Crawl Stone Soup version 0.28.0 (webtiles) character file.

Game seed: 4701181987784605214

6 Rizarjay the Chiller (level 1, 0/10 HPs)
             Began as a Gargoyle Ice Elementalist on Feb 15, 2022.
             Slain by a ball python (2 damage)
             ... on level 1 of the Dungeon.
             The game lasted 00:04:24 (328 turns).

Rizarjay the Chiller (Gargoyle Ice Elementalist)     Turns: 328, Time: 00:04:25

Health: 0/10       AC:  5    Str: 11    XL:     1   Next: 90%
Magic:  3/3        EV:  8    Int: 15    God:
Gold:   21         SH:  0    Dex: 10    Spells: 3/4 levels left

rFire   . . .      SeeInvis .   b - +0 dagger
rCold   . . .      Faith    .   (no shield)
rNeg    + . .      Spirit   .   e - +0 leather armour
rPois   ∞          Reflect  .   (no helmet)
rElec   +          Harm     .   (no cloak)
rCorr   .          Rampage  .   (no gloves)
Will    .....                   (no boots)
Stlth   ++........              (no amulet)
HPRegen 0.03/turn               (no ring)
MPRegen 0.08/turn               (no ring)

@: constricted
A: sickness immunity, AC +2, negative energy resistance 1, electricity
resistance, torment resistance 1, petrification resistance
a: no special abilities


You were on level 1 of the Dungeon.
You visited 1 branch of the dungeon, and saw 1 of its levels.

You collected 21 gold pieces.

Inventory:

Hand Weapons
 b - a +0 dagger (weapon)
 c - a +0 trident
 d - a +0 club
Armour
 a - a +0 robe
 e - a +0 leather armour (worn)


   Skills:
 + Level 1.7 Dodging
 + Level 2.1 Stealth
 + Level 0.4 Unarmed Combat
 + Level 2.0 Spellcasting
 + Level 4.2 Ice Magic


You had 3 spell levels left.
You knew the following spells:

 Your Spells              Type           Power      Damage    Failure   Level
a - Freeze                Ice            56%        1d7       5%          1

Your spell library contained the following spells:

 Spells                   Type           Power      Damage    Failure   Level
 Frozen Ramparts          Ice            28%        1d4       16%         3
 Ozocubu's Armour         Ice            14%        N/A       16%         3
 Hailstorm                Conj/Ice       7%         3d4       77%         4


Dungeon Overview and Level Annotations

Branches:
Dungeon (1/15)

Altars:


Innate Abilities, Weirdness & Mutations

You are immune to sickness and miasma.
Your stone body is resilient. (AC +2)
You are immune to poison.
You resist negative energy. (rN+)
You are resistant to electric shocks. (rElec)
You are resistant to unholy torment.
You are immune to petrification.


Message History

You kill the goblin!
Found a leather armour.
Things that are here:
a +0 club; a goblin corpse
Things that are here:
a +0 club; a goblin corpse
d - a +0 club You see here a +0 leather armour.
e - a +0 leather armour
b - a +0 dagger (weapon)
You start removing your armour.
You continue taking off your +0 robe. x4
You finish taking off your +0 robe.
You start putting on your armour.
You continue putting on your +0 leather armour. x5
You finish putting on your +0 leather armour.
Okay, then.
Adjust to which letter? (? for menu, Esc to quit)
Adjust to which letter? (? for menu, Esc to quit)
Okay, then.
Unknown command.
Sorry, you're not good enough to have a special ability.
There is a stone staircase leading down here.
A ball python comes into view.
The ball python hisses angrily.
A goblin comes into view. It is wielding a +0 club.
The ball python completely misses you. The ball python grabs you.
The ball python constricts you.
* * * LOW HITPOINT WARNING * * *
The goblin shouts!
You hit the ball python.
The ball python is moderately wounded.
The ball python bites you but does no damage.
The ball python constricts you. The ball python barely misses you.
The ball python constricts you.
* * * LOW HITPOINT WARNING * * *
You completely miss the ball python.
The ball python is moderately wounded.
The ball python bites you.
You die...

###### #.....
############.####
########............####
......S@.#..............
.........#.#############
########.#.# #.#.# .....
##### #.#.. ..... ..#..
##### . .....# ... #.#.
... ...


You could see a ball python.

Vanquished Creatures
  A dart slug (D:1)
  A goblin (D:1)
  A bat (D:1)
  A kobold (D:1)
  A rat (D:1)
5 creatures vanquished.

Notes
Turn   | Place    | Note
-------+----------+-------------------------------------------
     0 | D:1      | Rizarjay the Gargoyle Ice Elementalist began the quest for
                  | the Orb.
     0 | D:1      | Reached XP level 1. HP: 10/10 MP: 3/3
   328 | D:1      | Slain by a ball python

Illustrated notes

Levels and vault maps discovered:
D:1:      onia_arrival_pyramid, layout_loops_ring,
          hellmonk_ecumenical_altar_crossroads, minmay_pentomino_u2

Action                   || total
-------------------------++-------
Melee: Unarmed           ||    44
       Dagger            ||     2
Armor: Robe              ||    41
       Leather armour    ||     1
Dodge: Dodged            ||    53
